 Dungeon Crawl Stone Soup version 0.23-a0-358-g98c7a59 (webtiles) character file.

1274866 Gergoth the Conqueror (level 27, -4/345 (354) HPs)
             Began as a Minotaur Monk on Oct 21, 2018.
             Was the Champion of Wu Jian.
             Slain by Antaeus (20 damage)
             ... on level 7 of Cocytus on Oct 22, 2018.
             The game lasted 05:59:37 (82272 turns).

Gergoth the Conqueror (Minotaur Monk)              Turns: 82272, Time: 05:59:37

HP:   -4/345 (354)  AC: 30    Str: 32    XL:     27
MP:   41/41         EV: 36    Int: 10    God:    Wu Jian [******]
Gold: 10771         SH: 29    Dex: 23    Spells: 38/56 levels left

rFire    + + .     SeeInvis .   J - +10 morningstar of Compound Interest {crush, rC+ Dex+3}
rCold    + + .     Gourm    .   T - +0 large shield of Gravitas {rElec rCorr Str+7} (curse)
rNeg     + + .     Faith    +   (armour currently unavailable)
rPois    ∞         Spirit   .   M - +0 hat of Qisiwn {rC+ rN+ MR+ Slay+2}
rElec    +         Reflect  .   r - +2 cloak {MR+}
rCorr    +         Harm     .   (gloves currently unavailable)
MR       +++++                  (boots currently unavailable)
Stlth    +++++++++.             t - amulet of Eshug {Faith rElec rPois Dex-4 Stlth+}
HPRegen  1.07/turn              Y - ring of Gupir {rF+ MR+ Int-5 Dex+10}
MPRegen  0.27/turn              E - ring of Kuwniani {rElec rF+ MR+ Int+5 Stlth+}

@: exhausted, about to teleport, statue-form, frozen, studying 2 skills, very
slow
A: retaliatory headbutt, horns 2, talons 2, regeneration 1
}: 13/15 runes: barnacled, slimy, silver, iron, obsidian, bone, abyssal,
demonic, glowing, magical, fiery, dark, gossamer
a: End Transformation, Wall Jump, Serpent's Lash, Heavenly Storm, Renounce
Religion


You were on level 7 of Cocytus.
You worshipped Wu Jian.
Wu Jian was exalted by your worship.
You were not hungry.
You were a stone statue.
You visited 17 branches of the dungeon, and saw 85 of its levels.
You visited Pandemonium 1 time, and saw 19 of its levels.
You visited the Abyss 4 times.
You visited 1 bazaar.
You also visited: Labyrinth, Trove, Bailey and Desolation.

You collected 15439 gold pieces.
You spent 4668 gold pieces at shops.

Inventory:

Hand Weapons
 a - the +7 great mace "Undeadhunter" {disrupt, rN+}
   (You took it off a deep elf death mage on level 3 of the Elven Halls)

   It protects you from negative energy.
 J - the +10 morningstar of Compound Interest (weapon) {crush, rC+ Dex+3}
   (You found it on level 5 of the Pits of Slime)

   It inflicts extra damage upon your enemies.
   It affects your dexterity (+3).
   It protects you from cold.
 L - a +4 eveningstar of freezing
 S - the +10 morningstar "Eos" {elec, Halo rElec}
   (You found it on level 8 of the Dungeon)

   Occasionally, upon striking a foe, it will discharge some electrical energy
   and cause terrible harm.
   It insulates you from electricity.
Missiles
 x - 9 throwing nets (quivered)
Armour
 h - the +13 crystal plate armour "Earthly Heaven" {SInv}
   (You took it off an iron imp on level 7 of the Iron City of Dis)

   It lets you see invisible.
 l - the +0 pair of boots "Juekoal" {rN+ MR- Str+4 Int+2}
   (You found it in Pandemonium)

   It affects your strength (+4).
   It affects your intelligence (+2).
   It protects you from negative energy.
   It affects your resistance to hostile enchantments.
 r - a +2 cloak of magic resistance (worn)
 y - a scarf of cloud immunity
 F - the +2 pair of gloves of Ru's Favour (melded) {*Corrode rF+ Regen+ Slay+6}
   (You found it on level 6 of the Dungeon)

   It affects your accuracy and damage with ranged weapons and melee attacks
   (+6).
   It protects you from fire.
   It increases your rate of regeneration.
   It may corrode you when you take damage.
 M - the +0 hat of Qisiwn (worn) {rC+ rN+ MR+ Slay+2}
   (You acquired it on level 4 of the Abyss)

   It affects your accuracy and damage with ranged weapons and melee attacks
   (+2).
   It protects you from cold.
   It protects you from negative energy.
   It affects your resistance to hostile enchantments.
 N - a +2 pair of boots of running (melded)
 P - the +7 ice dragon scales "Odeipsib" (melded) {+Inv rF- rC++ Int+4 Dex+3}
   (You bought it in a shop in a bazaar)

   It affects your intelligence (+4).
   It affects your dexterity (+3).
   It makes you vulnerable to fire.
   It greatly protects you from cold.
   It lets you turn invisible.
 T - the cursed +0 large shield of Gravitas (worn) {rElec rCorr Str+7}
   (You took it off a daeva in Pandemonium)

   It affects your strength (+7).
   It insulates you from electricity.
   It provides partial protection from all sources of acid and corrosion.
   It has a curse placed upon it.
Jewellery
 q - the ring of Mupueduc {rElec rPois rF- Str-2 Slay+5}
   (You found it on level 7 of Gehenna)

   [ring of poison resistance]

   It affects your strength (-2).
   It affects your accuracy and damage with ranged weapons and melee attacks
   (+5).
   It makes you vulnerable to fire.
   It insulates you from electricity.
   It protects you from poison.
 s - the ring of Sihur {Fire -Tele rPois rN+}
   (You bought it in a shop on level 1 of the Depths)

   [ring of fire]

   It enhances your fire magic.
   It protects you from fire.
   It makes you vulnerable to cold.
   It protects you from poison.
   It protects you from negative energy.
   It prevents most forms of teleportation.
 t - the amulet of Eshug (around neck) {Faith rElec rPois Dex-4 Stlth+}
   (You took it off a yaktaur captain on level 5 of the Vaults)

   [amulet of faith]

   It allows you to gain divine favour quickly.
   It affects your dexterity (-4).
   It insulates you from electricity.
   It protects you from poison.
   It makes you more stealthy.
 E - the ring of Kuwniani (right hand) {rElec rF+ MR+ Int+5 Stlth+}
   (You found it on level 2 of the Spider Nest)

   [ring of protection from fire]

   It affects your intelligence (+5).
   It protects you from fire.
   It insulates you from electricity.
   It affects your resistance to hostile enchantments.
   It makes you more stealthy.
 Y - the ring of Gupir (left hand) {rF+ MR+ Int-5 Dex+10}
   (You found it in a labyrinth)

   [ring of protection from magic]

   It affects your intelligence (-5).
   It affects your dexterity (+10).
   It protects you from fire.
   It affects your resistance to hostile enchantments.
Wands
 g - a wand of clouds (5)
 p - a wand of iceblast (37)
 z - a wand of enslavement (25)
 O - a wand of acid (5)
 Z - a wand of digging (29)
Scrolls
 b - a scroll of fog
 e - 3 scrolls of blinking
 i - a scroll of magic mapping
 m - 32 scrolls of remove curse
 w - 29 scrolls of teleportation
 K - 9 scrolls of identify
 R - 2 scrolls of holy word
 U - a scroll of enchant weapon
Potions
 f - 16 potions of curing
 j - 2 potions of resistance
 k - a potion of magic
 n - 3 potions of might
 o - 11 potions of brilliance
 u - 17 potions of flight
 v - 10 potions of heal wounds
 B - a potion of mutation
 C - 3 potions of cancellation
 D - 12 potions of agility
 H - 4 potions of haste
Books
 A - a manual of Ice Magic
 I - a manual of Staves
Miscellaneous
 G - the horn of Geryon
 Q - a phantom mirror
Comestibles
 c - 71 rations


   Skills:
 O Level 27 Fighting
 O Level 27 Maces & Flails
 O Level 27 Armour
 O Level 27 Dodging
 - Level 16.0 Stealth
 O Level 27 Shields
 + Level 15.1 Spellcasting
 + Level 7.9 Charms
 + Level 8.2 Necromancy
 - Level 16.0 Transmutations
 - Level 16.0 Earth Magic
 - Level 16.0 Evocations


You had 38 spell levels left.
You knew the following spells:

 Your Spells              Type           Power        Failure   Level  Hunger
a - Passwall              Tmut/Erth      #####...     1%          2    None
b - Blink                 Tloc           N/A          12%         2    None
c - Swiftness             Chrm/Air       ###.....     2%          2    None
d - Lesser Beckoning      Tloc           #.........   24%         3    None
e - Regeneration          Chrm/Necr      ###.......   1%          3    None
f - Statue Form           Tmut/Erth      #####....    1%          6    ######.

Your spell library contained the following spells:

 Spells                   Type           Power        Failure   Level  Hunger
 Beastly Appendage        Tmut           #####.       0%          1    None
 Sandblast                Erth           #####.       0%          1    None
 Animate Skeleton         Necr           N/A          1%          1    None
 Infusion                 Chrm           ###.         1%          1    None
 Pain                     Necr           ###.         1%          1    None
 Corpse Rot               Necr           N/A          1%          2    None
 Song of Slaying          Chrm           ###.....     1%          2    None
 Sticks to Snakes         Tmut           #####...     1%          2    None
 Sublimation of Blood     Necr           ###.......   1%          2    None
 Spider Form              Tmut/Pois      ###.......   1%          3    None
 Stone Arrow              Conj/Erth      ###...       1%          3    None
 Vampiric Draining        Necr           ###.......   1%          3    None
 Petrify                  Tmut/Erth      #####...     1%          4    ###....
 Blade Hands              Tmut           #####.....   1%          5    #####..
 Borgnjor's Vile Clutch   Necr/Erth      ####......   1%          5    #####..
 Lee's Rapid Deconstruct  Erth           #####.....   1%          5    #####..
 Hydra Form               Tmut           #####.....   1%          6    ######.
 Shroud of Golubria       Chrm/Tloc      ###.......   2%          2    None
 Ignite Poison            Fire/Tmut/Pois ###.....     2%          3    None
 Animate Dead             Necr           N/A          2%          4    ###....
 Ice Form                 Ice/Tmut       ###.....     3%          4    ###....
 Leda's Liquefaction      Hex/Erth       ###.......   3%          4    ###....
 Ozocubu's Armour         Chrm/Ice       ###.....     4%          3    None
 Spectral Weapon          Hex/Chrm       ###.....     4%          3    None
 Apportation              Tloc           #.....       9%          1    None
 Confusing Touch          Hex            #.....       9%          1    None
 Corona                   Hex            #......      9%          1    None
 Flame Tongue             Conj/Fire      #....        9%          1    None
 Freeze                   Ice            #...         9%          1    None
 Magic Dart               Conj           #...         9%          1    None
 Shock                    Conj/Air       #...         9%          1    None
 Sting                    Conj/Pois      #...         9%          1    None
 Summon Butterflies       Summ           #.......     9%          1    None
 Summon Small Mammal      Summ           #...         9%          1    None
 Alistair's Intoxication  Tmut/Pois      ###.....     9%          5    #####..
 Irradiate                Conj/Tmut      ###.......   9%          5    #####..
 Yara's Violent Unravell  Hex/Tmut       ###.......   9%          5    #####..
 Call Imp                 Summ           #.......     12%         2    None
 Ensorcelled Hibernation  Hex/Ice        #.....       12%         2    None
 Poisonous Vapours        Pois/Air       #.....       12%         2    None
 Searing Ray              Conj           #.....       12%         2    None
 Slow                     Hex            #.......     12%         2    None
 Throw Flame              Conj/Fire      #.....       12%         2    None
 Throw Frost              Conj/Ice       #.....       12%         2    None
 Call Canine Familiar     Summ           #.......     24%         3    None
 Confuse                  Hex            #.......     24%         3    None
 Conjure Flame            Conj/Fire      #.......     24%         3    None
 Dazzling Spray           Conj/Hex       #.....       24%         3    None
 Gell's Gravitas          Tloc           #.........   24%         3    None
 Inner Flame              Hex/Fire       #.......     24%         3    None
 Mephitic Cloud           Conj/Pois/Air  #.......     24%         3    None
 Portal Projectile        Hex/Tloc       #.....       24%         3    None
 Recall                   Summ/Tloc      N/A          24%         3    None
 Summon Guardian Golem    Hex/Summ       #.......     24%         3    None
 Teleport Other           Tloc           #.......     24%         3    None
 Tukima's Dance           Hex            #.......     24%         3    None
 Bolt of Magma            Conj/Fire/Erth ###.......   26%         5    #####..
 Death Channel            Necr           ###.......   38%         6    ######.
 Iskenderun's Battlesphe  Conj/Chrm      ###.....     41%         5    #####..
 Iron Shot                Conj/Erth      ###.......   43%         6    ######.
 Airstrike                Air            #.........   63%         4    ###....
 Cause Fear               Hex            #.........   63%         4    ###....
 Force Lance              Conj/Tloc      #.......     63%         4    ###....
 Fulminant Prism          Conj/Hex       #.........   63%         4    ###....
 Iskenderun's Mystic Bla  Conj           #.......     63%         4    ###....
 Olgreb's Toxic Radiance  Pois           #.......     63%         4    ###....
 Passage of Golubria      Tloc           N/A          63%         4    ###....
 Sticky Flame             Conj/Fire      #.......     63%         4    ###....
 Summon Ice Beast         Ice/Summ       #.......     63%         4    ###....
 Summon Lightning Spire   Summ/Air       #.......     63%         4    ###....
 Throw Icicle             Conj/Ice       #.......     63%         4    ###....
 Aura of Abjuration       Summ           #.........   92%         5    #####..
 Fireball                 Conj/Fire      #.........   92%         5    #####..
 Lightning Bolt           Conj/Air       #.........   92%         5    #####..
 Metabolic Englaciation   Hex/Ice        #.........   92%         5    #####..
 Silence                  Hex/Air        #.........   92%         5    #####..
 Summon Demon             Summ           #.........   92%         5    #####..
 Summon Forest            Summ/Tloc      #.........   92%         5    #####..
 Summon Mana Viper        Hex/Summ       #.......     92%         5    #####..
 Venom Bolt               Conj/Pois      #.........   92%         5    #####..
 Simulacrum               Ice/Necr       ###.......   93%         6    ######.
 Deflect Missiles         Chrm/Air       ###.......   94%         6    ######.
 Necromutation            Tmut/Necr      ####......   98%         8    #######
 Bolt of Cold             Conj/Ice       #.........   100%        6    ######.
 Bolt of Fire             Conj/Fire      #.........   100%        6    ######.
 Conjure Ball Lightning   Conj/Air       #.........   100%        6    ######.
 Darkness                 Hex            #.........   100%        6    ######.
 Freezing Cloud           Conj/Ice/Air   #.........   100%        6    ######.
 Invisibility             Hex            #.......     100%        6    ######.
 Ozocubu's Refrigeration  Ice            #.........   100%        6    ######.
 Poison Arrow             Conj/Pois      #.........   100%        6    ######.
 Shadow Creatures         Summ           N/A          100%        6    ######.
 Haunt                    Necr/Summ      ###.......   100%        7    #######
 Malign Gateway           Summ/Tloc      #.........   100%        7    #######
 Monstrous Menagerie      Summ           #.........   100%        7    #######
 Orb of Destruction       Conj           #.........   100%        7    #######
 Ring of Flames           Chrm/Fire      ###.......   100%        7    #######
 Spellforged Servitor     Conj/Summ      #.........   100%        7    #######
 Summon Greater Demon     Summ           #.........   100%        7    #######
 Summon Hydra             Summ           #.........   100%        7    #######
 Borgnjor's Revivificati  Necr           ###.......   100%        8    #######
 Chain Lightning          Conj/Air       #.........   100%        8    #######
 Death's Door             Chrm/Necr      ###.......   100%        8    #######
 Discord                  Hex            #.........   100%        8    #######
 Ignition                 Fire           #.........   100%        8    #######
 Infestation              Necr           ###.......   100%        8    #######
 Lehudib's Crystal Spear  Conj/Erth      ###.......   100%        8    #######
 Summon Horrible Things   Summ           #.........   100%        8    #######
 Fire Storm               Conj/Fire      #.........   100%        9    #######
 Glaciate                 Conj/Ice       #.........   100%        9    #######
 Shatter                  Erth           #####.....   100%        9    #######
 Tornado                  Air            #.........   100%        9    #######


Dungeon Overview and Level Annotations

Branches:
Dungeon (15/15)            Temple (1/1) D:5            Lair (6/6) D:10
 Shoals (4/4) Lair:4       Spider (4/4) Lair:4        Slime (5/5) Lair:5
    Orc (2/2) D:10            Elf (3/3) Orc:2        Vaults (5/5) D:13
  Crypt (3/3) Vaults:3     Depths (5/5) D:15           Hell (1/1)
    Dis (7/7) Hell            Geh (7/7) Hell            Coc (7/7) Hell
    Tar (7/7) Hell            Zot (3/5) Depths:5
   Tomb: Crypt:3

Altars:
Ashenzari
Cheibriados
Dithmenos
Elyvilon
Fedhas
Gozag
Hepliaklqana
Kikubaaqudgha
Makhleb
Nemelex Xobeh
Okawaru
Qazlal
Ru
Sif Muna
Trog
Uskayaw
Vehumet
Wu Jian
Xom
Yredelemnul
Zin
The Shining One
Beogh
Jiyva

Shops:
D:4 :   D:5 *   D:9 (   D:12 *   D:13 }   Orc:2 ![[   Shoals:1 (
Shoals:2 :=}[}   Shoals:3 *((   Vaults:4 [   Depths:1 (*=%   Depths:3 %

Portals:
Hell: Lair:6 Depths:1 Depths:2 Depths:3 Depths:4 Depths:5
Abyss: Depths:4
Pandemonium: Depths:3
Ziggurat: Depths:2

Annotations:
Spider:2 exclusion: Roxanne, Roxanne
Elf:2 4 runed doors, Nico3ck's ghost, veteran DsGl
Depths:2 1 runed door, Hulotote's ghost, journeyman SpBe
Coc:7 Antaeus
Tar:5 1 exclusion
Tar:6 exclusion: oklob plant
Tar:7 Ereshkigal


Innate Abilities, Weirdness & Mutations

You reflexively headbutt those who attack you in melee.
You have a pair of horns on your head.
You have razor-sharp toenails.
((You are partially covered in icy blue scales. (AC +2)))
Your natural rate of healing is unusually fast.


Message History

Antaeus shimmers and vanishes!
The Ice Fiend gestures at you.
The bolt of cold hits Antaeus.
Antaeus resists.
The bolt of cold misses you. Antaeus hits you!! Antaeus freezes you!
You resist. Antaeus completely misses you.
As you read the scroll of teleportation, it crumbles to dust.
You feel strangely unstable. Antaeus completely misses you.
You furiously retaliate!
You headbutt Antaeus! You block Antaeus's attack.
The Ice Fiend barely misses you.
You block the Ice Fiend's attack. "Die, mortal!"
You partially resist.
You are encased in ice!
* * * LOW HITPOINT WARNING * * *
The Ice Fiend gestures at you.
The bolt of cold hits Antaeus.
Antaeus resists.
The bolt of cold hits you! You resist.
* * * LOW HITPOINT WARNING * * *
Antaeus hits you!!!
* * * LOW HITPOINT WARNING * * *
Antaeus freezes you!! You resist.
You die...

≈≈≈≈≈≈≈≈≈≈≈≈≈≈≈≈≈≈≈≈##
#≈≈≈≈≈≈≈≈≈≈≈≈≈≈≈≈≈≈≈≈≈≈≈≈#
≈≈≈≈≈≈≈≈≈≈≈≈≈≈≈≈≈≈≈≈≈≈≈≈≈≈
≈≈≈≈≈≈≈≈≈≈≈≈≈≈≈≈≈≈≈≈≈≈≈≈≈≈
.≈≈≈≈≈≈≈≈≈≈≈≈≈≈≈≈≈≈≈≈≈≈≈≈≈
.≈≈≈≈≈≈≈≈≈≈≈≈≈≈≈≈≈≈≈≈≈≈≈≈≈
.≈≈≈≈≈≈≈≈≈≈≈.≈≈≈≈≈≈≈≈≈≈≈≈≈
...≈≈≈≈1≈≈≈...≈≈≈≈≈≈≈≈≈≈≈≈
......M.C8.....≈≈≈≈≈≈≈≈≈≈≈
...≈≈≈≈≈≈≈§...≈≈≈≈≈≈≈≈≈≈≈≈
.≈≈≈≈≈≈≈≈≈≈≈.≈≈≈≈≈≈≈≈≈≈≈≈≈
.≈≈≈≈≈≈≈≈≈≈≈≈≈≈≈≈≈≈# #≈≈≈≈
.≈≈≈≈≈≈≈≈≈≈≈≈≈≈≈≈### ##≈≈
≈≈≈≈≈≈≈≈≈≈≈≈≈≈≈≈## ##≈
≈≈≈≈≈≈≈≈≈≈≈≈≈≈≈## ≈≈
################ #


You could see Antaeus, an Ice Fiend and a mummy.

Vanquished Creatures
  Asmodeus (Geh:7)
  the Royal Jelly (Slime:5)
  Gloorx Vloq (Pan)
  A seraph (Pan)
  Lom Lobon (Pan)
  Mnoleg (Pan)
  Dispater (Dis:7)
  the Serpent of Hell (Coc:7)
  4 juggernauts
  Mennas (Vaults:3)
  An ancient lich (Tar:4)
  8 shard shrikes
  Boris (twice) (Vaults:2 Depths:5)
  Bai Suzhen (Crypt:2)
  Frederick (Depths:1)
  A caustic shrike (Depths:2)
  A curse toe (Zot:2)
  Geryon (Hell)
  Xtahua (Depths:5)
  2 pandemonium lords (Pan)
  12 golden dragons
  A profane servitor (Abyss:1)
  Nikola (Depths:2)
  2 pearl dragons (Pan)
  18 bone dragons
  38 Tzitzimimeh
  9 doom hounds
  15 tentacled monstrosities
  9 iron giants
  20 Brimstone Fiends
  3 liches
  4 hellephants
  15 Hell Sentinels
  Rupert (D:13)
  Jorgrun (Spider:1)
  A deep elf blademaster (Elf:3)
  15 Ice Fiends
  9 titans
  2 deep elf master archers (Elf:3)
  24 acid blobs
  5 quicksilver dragons
  4 death cobs
  22 Executioners
  2 eldritch tentacles
  Murray (Hell)
  Gastronok (Lair:2)
  2 krakens
  7 tentacled starspawn
  10 ancient champions
  17 shadow dragons
  7 sphinxes
  11 storm dragons
  Agnes (Spider:2)
  A warmonger (Pan)
  2 revenants
  20 daevas (Pan)
  15 fire giants
  9 tengu reavers
  7 draconian monks
  A corrupter (Pan)
  22 frost giants
  11 azure jellies
  2 nagarajas (Vaults:3)
  3 draconian knights
  20 vault wardens
  12 iron dragons
  37 balrugs
  7 ghost moths
  10 deep elf sorcerers
  3 imperial myrmidons (Desolation)
  Louise (D:15)
  4 draconian scorchers
  A caustic shrike zombie (Crypt:3)
  13 cacodemons
  6 deep elf elementalists
  A draconian stormcaller (Zot:3)
  7 emperor scorpions
  30 angels
  2 curse skulls (Pan)
  26 ironheart preservers
  2 juggernaut zombies
  3 draconian shifters
  3 draconian annihilators
  27 very ugly things
  46 large abominations
  4 entropy weavers
  27 stone giants
  22 war gargoyles
  6 ghouls
  5 elemental wellsprings
  86 reapers
  28 apis (Pan)
  17 ophanim
  A black sun (Pan)
  2 spriggan defenders
  A black draconian (Depths:5)
  7 vampire knights
  Azrael (Orc:2)
  10 green draconians
  Nessos (D:13)
  44 starcursed masses
  10 lorocyprocas
  A blood saint (Pan)
  4 purple draconians
  A minotaur (Lab)
  A dire elephant (Abyss:1)
  11 red draconians
  6 deep elf annihilators
  9 deep elf demonologists
  6 white draconians
  10 yellow draconians
  6 spark wasps
  2 halazid warlocks (Desolation)
  6 eidola
  9 deep elf death magi
  20 death oozes
  24 ettins
  2 mummy priests (Crypt:3)
  14 green deaths
  3 crystal guardians
  7 merfolk javelineers
  Josephine (D:11)
  23 blizzard demons
  17 fire dragons
  3 ragged hierophants (Desolation)
  10 merfolk impalers
  A spectral kraken (Tar:7)
  Harold (D:11)
  4 deep elf high priests
  16 jiangshi
  4 quicksilver dragon zombies
  15 great orbs of eyes
  21 yaktaur captains
  37 vault guards
  25 ogre magi
  5 quicksilver dragon skeletons
  4 hydras
  A ghost crab (Tar:2)
  A monstrous demonspawn (Pan)
  7 servants of whispers (Desolation)
  4 hell beasts
  A naga warrior (Abyss:3)
  32 ice dragons
  2 juggernaut simulacra (Pan)
  18 rakshasas
  9 death knights
  4 peacekeepers (Desolation)
  9 spriggan air magi
  A queen ant (Spider:2)
  8 merfolk aquamancers
  9 centaur warriors
  2 merfolk avatars
  18 dancing weapons
  8 deep troll earth magi
  12 deep troll shamans
  7 death yaks
  3 satyrs
  32 hell hogs
  74 two-headed ogres
  8 titan zombies
  3 spriggan berserkers
  The ghost of rabbit the Thaumaturge, a novice GnWz of Ashenzari (D:9)
  9 tengu warriors
  8 vampire magi
  7 thrashing horrors
  50 hell knights
  47 sun demons
  7 storm dragon zombies
  16 deep elf knights
  8 titan skeletons
  37 soul eaters
  10 wretched stars
  A fire crab (shapeshifter) (Vaults:2)
  13 sixfirhies
  A death drake (shapeshifter) (Depths:4)
  7 iron golems
  10 shadow wraiths
  A spark wasp zombie (D:15)
  14 cherubim (Pan)
  131 skeletal warriors
  A fire crab (Lair:4)
  8 spatial maelstroms
  15 iron trolls
  4 golden dragon zombies
  2 torturous demonspawn (Pan)
  3 death drakes (Tar:3)
  2 storm dragon skeletons
  40 deep trolls
  23 flayed ghosts
  10 anaconda zombies
  4 infernal demonspawn (Pan)
  2 ghost moth zombies
  30 shadow demons
  2 iron giant skeletons (Crypt:2)
  14 sea snakes
  A kraken simulacrum (Coc:3)
  A swamp dragon (shapeshifter) (Vaults:2)
  10 glowing orange brains
  4 unseen horrors
  4 anaconda skeletons
  2 tengu zombies
  16 deep elf archers
  3 gelid demonspawn (Pan)
  18 ironbrand convokers
  9 wizards
  7 shadow dragon zombies
  Pikel (D:4)
  A lindwurm (shapeshifter) (Vaults:3)
  16 orc knights
  23 phantasmal warriors
  5 golden dragon skeletons
  15 necromancers
  14 wolf spider zombies
  7 frost giant zombies
  19 orb spiders
  7 iron dragon zombies
  10 stone giant zombies
  8 shining eyes
  48 ugly things
  21 harpies
  A lindwurm (Lair:5)
  50 deep elf magi
  11 cyclopes
  An orb spider (shapeshifter) (Vaults:4)
  10 fauns
  3 orc sorcerers
  17 manticores
  27 wolf spiders
  3 shadow dragon skeletons
  7 fire giant zombies
  10 worldbinders
  A salamander (shapeshifter) (Depths:2)
  2 shock serpent zombies
  A wolf spider (shapeshifter) (Vaults:4)
  A guardian serpent (shapeshifter) (Vaults:2)
  A salamander (Depths:1)
  The ghost of Soeti the Changer, a novice OpTm (D:9)
  An elephant (shapeshifter) (Vaults:5)
  19 moths of wrath
  3 stone giant skeletons
  9 frost giant skeletons
  33 rust devils
  4 fire giant skeletons
  4 apocalypse crabs
  19 vault sentinels
  4 black mambas
  An iron dragon skeleton (Tar:4)
  4 guardian serpents
  9 molten gargoyles
  7 dire elephant zombies
  6 eyes of devastation
  5 torpor snails
  3 water nymphs (Shoals:4)
  8 merfolk sirens
  35 hellions
  25 smoke demons
  2 spiny frogs (shapeshifter)
  6 spiny frogs
  A storm dragon simulacrum (Coc:4)
  3 ice statues
  A torpor snail (shapeshifter) (Vaults:5)
  A red draconian zombie (Crypt:2)
  An elf zombie (Depths:3)
  6 catoblepas zombies
  A yaktaur zombie (D:15)
  2 shock serpent skeletons
  12 orange demons
  4 rime drakes
  A black draconian zombie (Geh:1)
  53 freezing wraiths
  2 kobold demonologists
  6 dire elephant skeletons
  8 efreet
  7 komodo dragons
  60 ice devils
  A white draconian zombie (Crypt:1)
  8 centaur skeletons
  16 spectral swamp worms
  A komodo dragon (shapeshifter) (Depths:1)
  54 yaktaurs
  2 anaconda simulacra
  50 tormentors
  A minotaur zombie (Tar:3)
  11 hellwings
  A catoblepas skeleton (Pan)
  30 demonic crawlers
  3 harpy zombies
  7 ancient zymes
  54 red devils
  8 silent spectres
  9 trolls
  2 tengu conjurers (Depths:2)
  18 guardian mummies (Crypt:3)
  A pale draconian skeleton (Crypt:2)
  14 hydra zombies
  37 jumping spiders
  A queen bee (shapeshifter) (Vaults:2)
  A troll (shapeshifter) (Vaults:2)
  A grey draconian skeleton (Crypt:1)
  35 saltlings (Desolation)
  23 hornets
  4 harpy skeletons
  A polar bear (shapeshifter) (D:15)
  A wolf spider simulacrum (Abyss:3)
  19 wind drakes
  36 merfolk
  11 alligator zombies
  2 fire dragon zombies
  A meliai zombie (Crypt:3)
  A wind drake (shapeshifter) (Vaults:1)
  5 ice dragon zombies
  10 ettin zombies
  3 spriggan zombies
  Grinder (D:3)
  10 hydra skeletons
  2 snapping turtles (shapeshifter)
  22 raiju
  23 blink frogs
  7 snapping turtles
  7 bog bodies
  A stone giant simulacrum (Coc:4)
  10 hippogriffs
  A fire giant simulacrum (Depths:3)
  9 ettin skeletons
  4 dream sheep
  84 slime creatures
  143 flying skulls
  4 alligator skeletons
  Sigmund (D:2)
  2 ice dragon skeletons
  30 shadows
  25 tarantellas
  A fire dragon skeleton (Tar:6)
  A shock serpent simulacrum (Coc:4)
  51 redbacks
  A vampire (D:15)
  A spriggan (shapeshifter) (Vaults:2)
  5 spriggans
  2 air elementals (Elf:1)
  19 ynoxinuls
  2 tarantellas (shapeshifter)
  2 black mamba zombies
  3 ushabtiu (Crypt:3)
  24 water elementals
  8 basilisks
  48 wraiths
  3 wyverns
  2 dire elephant simulacra
  2 wind drake skeletons (Crypt:2)
  Eustachio (D:5)
  12 fire bats
  54 yaks
  2 steam dragons
  9 chaos spawn
  4 golden eyes
  10 hungry ghosts
  31 fire elementals
  8 vampire mosquitoes
  2 basilisks (shapeshifter)
  16 humans (D:13)
  11 spatial vortices
  21 neqoxecs
  Menkaure (D:4)
  7 wargs
  A warg (shapeshifter) (Depths:3)
  9 spiny frog zombies
  4 nagas (Abyss:3)
  A swamp worm (shapeshifter) (Vaults:4)
  4 insubstantial wisps (Abyss:1)
  Edmund (D:4)
  A hydra simulacrum (Hell)
  14 soldier ants (Spider:2)
  3 acid dragons
  8 porcupines
  88 hell hounds
  A floating eye (Slime:2)
  12 water moccasins
  A black bear (D:8)
  31 orc warriors
  2 slaves (D:4)
  5 spiny frog skeletons
  3 swamp dragon zombies
  An ettin simulacrum (Vaults:1)
  10 eyes of draining
  An ice dragon simulacrum (Coc:7)
  2 manticore zombies
  A blink frog zombie (Crypt:2)
  14 ice beasts
  3 sky beasts
  50 necrophages
  A dream sheep skeleton (Crypt:1)
  7 phantoms
  8 snapping turtle zombies
  A lindwurm skeleton (Crypt:3)
  20 boggarts
  16 centaurs
  67 ogres
  2 snapping turtle skeletons
  14 wolves
  2 swamp dragon skeletons
  10 crocodiles
  A fire crab zombie (Crypt:1)
  10 big kobolds (D:9)
  21 bullfrogs
  5 earth elementals
  An elf skeleton (Geh:2)
  21 small abominations
  A scorpion (D:10)
  6 killer bees (D:8)
  A troll zombie (Dis:2)
  75 wights
  An elf simulacrum (Vaults:3)
  A raiju skeleton (Crypt:3)
  12 howler monkeys
  A spriggan skeleton (Lab)
  A troll skeleton (Pan)
  8 electric eels
  16 crimson imps
  3 quasits (Abyss:3)
  5 hounds
  A bullfrog zombie (D:5)
  4 human zombies
  3 centaur zombies
  18 orc wizards
  12 orc priests
  3 bullfrog skeletons
  8 jellies
  Crazy Yiuf (D:4)
  41 iron imps
  Jessica (D:3)
  Ijyb (D:4)
  A human skeleton (Tar:7)
  Natasha (thrice) (D:2)
  3 iguanas
  7 hell rats (Lair:2)
  27 worker ants
  A naga zombie (Geh:1)
  2 deep dwarf zombies
  4 ogre skeletons
  An acid dragon skeleton (Crypt:1)
  2 naga skeletons
  2 tengu skeletons
  A hound zombie (D:5)
  A hound skeleton (D:9)
  10 mummies
  A worker ant zombie (D:6)
  5 adders
  4 gnolls (Orc:1)
  18 shadow imps
  31 white imps
  7 ufetubi
  7 oozes
  2 adder zombies
  An adder skeleton (D:4)
  2 worms
  5 ball lightnings (Pan)
  2 dart slugs
  An adder simulacrum (D:8)
  5 leopard geckos
  80 orcs
  3 bat skeletons (D:5)
  2 bat zombies (D:5)
  9 giant cockroaches
  11 goblins
  7 hobgoblins
  16 jackals
  31 kobolds
  7 quokkas
  5 ball pythons
  10 bats
  7 frilled lizards
  A goblin zombie (Crypt:2)
  A kobold skeleton (Tar:7)
  A kobold zombie (Dis:5)
  2 leopard gecko skeletons
  6 rats
  3 butterflies (Lair:4)
  2 crawling corpses
  2 fire vortices
  A fungus (Lair:6)
  2 lurking horrors
  A plant (Lair:1)
  14 starspawn tentacles
  9 tentacles
5205 creatures vanquished.

Vanquished Creatures (collateral kills)
  Cerebov (Pan)
  Ereshkigal (Tar:7)
  An Ice Fiend (Coc:7)
  A rime drake (Lair:6)
  An efreet (Pan)
5 creatures vanquished.

Vanquished Creatures (others)
  6 eldritch tentacles
  A fire giant (Geh:7)
  A reaper (Dis:7)
  A stone giant (Vaults:3)
  A vault guard (Vaults:5)
  A two-headed ogre (Vaults:2)
  3 hell hogs
  The ghost of TheNamelessOne the Thaumaturge, a novice DEAE of Sif Muna (D:9)
  A deep elf mage (Elf:1)
  A cyclops (Shoals:1)
  A smoke demon (Pan)
  A yaktaur (Vaults:1)
  A hellwing (Pan)
  2 red devils (Geh:6)
  A slime creature (Slime:3)
  A saltling (Desolation)
  2 raiju (Abyss:3)
  A large abomination (Abyss:3)
  A water elemental (Coc:7)
  A wraith (Geh:7)
  A shadow (Tar:5)
  A chaos spawn (Pan)
  A hell hound (Tar:3)
  A small abomination (Abyss:3)
  A spiny frog skeleton (Coc:7)
  A boggart (Vaults:3)
  An ogre (Vaults:3)
  A centaur (Shoals:2)
  3 wights
  An electric eel (D:11)
  An iron imp (Dis:7)
  A mummy (Coc:4)
  12 ball lightnings (Pan)
  18 fungi
  A lurking horror (Abyss:1)
  4 plants (Shoals:4)
  11 starspawn tentacles
  22 tentacles
  9 withered plants
120 creatures vanquished.

Grand Total: 5330 creatures vanquished

Notes
Turn   | Place    | Note
-------+----------+-------------------------------------------
     0 | D:1      | Gergoth the Minotaur Monk began the quest for the Orb.
     0 | D:1      | Reached XP level 1. HP: 19/19 MP: 0/0
    51 | D:1      | Reached XP level 2. HP: 15/27 MP: 1/1
   265 | D:1      | Reached XP level 3. HP: 31/34 MP: 2/2
   609 | D:2      | Found a blossoming altar of Fedhas.
   646 | D:2      | Found a faded altar of an unknown god.
   805 | D:2      | Reached XP level 4. HP: 41/41 MP: 3/3
   854 | D:2      | Reached skill level 5 in Fighting
   854 | D:2      | Reached skill level 5 in Maces & Flails
   969 | D:2      | Noticed Natasha
   974 | D:2      | Killed Natasha
  1132 | D:2      | Found a bloodstained altar of Trog.
  1132 | D:2      | Noticed Sigmund
  1161 | D:2      | Killed Sigmund
  1161 | D:2      | Reached XP level 5. HP: 43/51 MP: 4/4
  1161 | D:2      | Reached XP level 6. HP: 49/58 MP: 5/5
  1259 | D:3      | Noticed Jessica
  1262 | D:3      | Killed Jessica
  1299 | D:2      | Noticed Natasha
  1304 | D:2      | Killed Natasha
  1344 | D:2      | Noticed Natasha
  1351 | D:2      | Killed Natasha
  1561 | D:3      | Noticed Grinder
  1567 | D:3      | Killed Grinder
  1567 | D:3      | Reached XP level 7. HP: 66/66 MP: 6/6
  1649 | D:3      | Found a sparkling altar of Nemelex Xobeh.
  2290 | D:4      | Noticed Menkaure
  2297 | D:4      | Killed Menkaure
  2298 | D:4      | Noticed Edmund
  2452 | D:4      | Noticed Ijyb
  2461 | D:4      | Killed Ijyb
  3137 | D:4      | Killed Edmund
  3230 | D:4      | Found Vumen's Book Emporium.
  3271 | D:4      | Noticed Pikel
  3295 | D:4      | Killed Pikel
  3295 | D:4      | Reached XP level 8. HP: 54/78 MP: 7/7
  3327 | D:4      | Found a burning altar of Makhleb.
  3420 | D:4      | Found a runed door.
  3424 | D:4      | Noticed Crazy Yiuf
  3430 | D:4      | Killed Crazy Yiuf
  3559 | D:5      | Entered Level 5 of the Dungeon
  3842 | D:5      | Noticed Eustachio
  3867 | D:5      | Killed Eustachio
  3867 | D:5      | Reached skill level 10 in Fighting
  3867 | D:5      | Reached skill level 10 in Maces & Flails
  3890 | D:5      | Found Josaa's Serpentskin Sales.
  3895 | D:5      | Reached XP level 9. HP: 82/86 MP: 8/8
  4116 | D:5      | Found an ancient bone altar of Kikubaaqudgha.
  4170 | D:5      | Found a staircase to the Ecumenical Temple.
  4216 | Temple   | Entered the Ecumenical Temple
  4246 | Temple   | Became a worshipper of the Wu Jian Council
  4246 | Temple   | Reached * piety under Wu Jian
  4246 | Temple   | Reached ** piety under Wu Jian
  4675 | D:6      | Found an opulent altar of Gozag.
  4856 | D:6      | Found a sparkling altar of Nemelex Xobeh.
  4885 | D:6      | Got a pair of pitted gloves
  4886 | D:6      | Identified the +2 pair of gloves of Ru's Favour {*Corrode
                  | rF+ Regen+ Slay+6} (You found it on level 6 of the Dungeon)
  5550 | D:7      | Reached *** piety under Wu Jian
  5873 | D:8      | Reached XP level 10. HP: 97/99 MP: 9/9
  5967 | D:8      | Found a shattered altar of Ashenzari.
  6149 | D:8      | Reached **** piety under Wu Jian
  6394 | D:8      | Found a runed door.
  6394 | D:8      | Noticed an ogre mage
  6396 | D:8      | Noticed a great orb of eyes
  6396 | D:8      | Noticed an orc knight
  6396 | D:8      | Noticed a cyclops
  6397 | D:8      | Found the +10 morningstar "Eos" {elec, Halo rElec}
  6619 | D:9      | Found a runed gate.
  6619 | D:9      | Found a runed gate.
  6619 | D:9      | Found a runed gate.
  6743 | D:9      | Noticed a two-headed ogre
  6748 | D:9      | Killed a two-headed ogre
  6896 | D:9      | Noticed Soeti's ghost (novice OpTm)
  6896 | D:9      | Noticed rabbit's ghost (novice GnWz)
  6896 | D:9      | Noticed TheNamelessOne's ghost (novice DEAE)
  7021 | D:9      | Found Jeofac's Antique Weapon Boutique.
  7055 | D:9      | Found a hazy altar of Hepliaklqana.
  7122 | D:9      | Reached skill level 1 in Armour
  7160 | D:9      | Noticed a deep troll
  7160 | D:9      | Noticed a deep troll
  7160 | D:9      | Noticed a deep troll
  7231 | D:9      | a deep troll changed into a slime creature
  7239 | D:9      | Reached XP level 11. HP: 110/110 MP: 10/10
  7280 | D:9      | Killed a deep troll
  7282 | D:9      | Killed a deep troll
  7282 | D:9      | Reached skill level 5 in Dodging
  7483 | D:9      | Reached skill level 5 in Armour
  7657 | D:9      | Noticed a deep troll
  7696 | D:9      | Killed a deep troll
  7879 | D:10     | Entered Level 10 of the Dungeon
  7894 | D:10     | Reached ***** piety under Wu Jian
  7962 | D:10     | Found a staircase to the Orcish Mines.
  8097 | D:10     | Found a staircase to the Lair.
  8659 | D:7      | Killed an orc knight
  8787 | D:8      | Killed a great orb of eyes
  8794 | D:8      | Killed an ogre mage
  8798 | D:8      | Reached XP level 12. HP: 107/117 MP: 11/11
  8931 | Lair:1   | Entered Level 1 of the Lair of Beasts
  8935 | Lair:1   | Reached skill level 1 in Shields
  9202 | Lair:1   | Found a shimmering altar of Xom.
  9655 | Lair:2   | Reached skill level 10 in Armour
  9660 | Lair:2   | Reached skill level 10 in Dodging
  9704 | Lair:2   | Noticed Gastronok
  9747 | Lair:2   | Killed Gastronok
  9905 | Lair:2   | Noticed a five-headed hydra
  9910 | Lair:2   | Killed a five-headed hydra
  9938 | Lair:2   | Found a radiant altar of Vehumet.
 10211 | Lair:3   | Noticed a four-headed hydra
 10216 | Lair:3   | Killed a four-headed hydra
 10244 | Lair:3   | Noticed a death yak
 10245 | Lair:3   | Noticed a death yak
 10245 | Lair:3   | Noticed a death yak
 10245 | Lair:3   | Noticed a death yak
 10245 | Lair:3   | Noticed a death yak
 10247 | Lair:3   | Noticed a death yak
 10250 | Lair:3   | Killed a death yak
 10269 | Lair:3   | Killed a death yak
 10277 | Lair:3   | Killed a death yak
 10277 | Lair:3   | Reached XP level 13. HP: 97/124 MP: 12/12
 10476 | Lair:3   | Reached ****** piety under Wu Jian
 11236 | Lair:4   | Found a transporter.
 11384 | Lair:4   | Found a staircase to the Shoals.
 11392 | Lair:4   | Reached skill level 10 in Shields
 11530 | Lair:4   | Found a hole to the Spider Nest.
 11659 | Lair:4   | Found a transporter.
 12526 | Lair:5   | Found a staircase to the Slime Pits.
 12527 | Lair:5   | Found a viscous altar of Jiyva.
 12942 | Lair:6   | Entered Level 6 of the Lair of Beasts
 13078 | Lair:6   | Reached skill level 15 in Armour
 13586 | Lair:6   | Reached XP level 14. HP: 132/132 MP: 13/13
 13597 | Lair:6   | Found a burning altar of Makhleb.
 13736 | Lair:6   | Found a gateway to Hell.
 14024 | Orc:1    | Entered Level 1 of the Orcish Mines
 14282 | Orc:2    | Entered Level 2 of the Orcish Mines
 14285 | Orc:2    | Noticed Azrael
 14354 | Orc:2    | Found a roughly hewn altar of Beogh.
 14367 | Orc:2    | Found a staircase to the Elven Halls.
 14503 | Orc:2    | Reached skill level 15 in Fighting
 14700 | Orc:2    | Killed Azrael
 14714 | Orc:2    | Found Ryaklo's Distillery.
 14714 | Orc:2    | Found Qeesmez's Armour Shoppe.
 14714 | Orc:2    | Found Coron's Distillery.
 14714 | Orc:2    | Found Extot's Antique Armour Boutique.
 14840 | Orc:2    | Bought a potion of agility for 48 gold pieces
 14840 | Orc:2    | Bought a potion of flight for 36 gold pieces
 14840 | Orc:2    | Bought a potion of ambrosia for 96 gold pieces
 14840 | Orc:2    | Bought 2 potions of heal wounds for 120 gold pieces
 15287 | D:11     | Noticed Josephine
 15318 | D:11     | Killed Josephine
 15893 | D:11     | Noticed Harold
 15899 | D:11     | Killed Harold
 16279 | D:12     | Found Qaockula's Changing Room.
 16293 | D:12     | Bought a potion of mutation for 96 gold pieces
 16390 | D:12     | Found a flagged portal.
 16400 | D:12     | Reached XP level 15. HP: 138/143 MP: 14/14
 16423 | Bailey   | Entered a bailey
 16634 | Bailey   | Got a jewelled flail
 16705 | Bailey   | Found the +4 arc blade {discharge, rElec}
 17220 | D:12     | Reached skill level 15 in Maces & Flails
 17344 | D:13     | Found a gate to the Vaults.
 17344 | D:13     | Noticed Nessos
 17344 | D:13     | Noticed Rupert
 17426 | D:13     | Killed Nessos
 17432 | D:13     | Killed Rupert
 17765 | D:13     | Found Lonuru's Gadget Shoppe.
 18251 | D:14     | Found a labyrinth entrance.
 18264 | Lab      | Entered a labyrinth
 18340 | Lab      | Got a warped wooden ring
 18344 | Lab      | Identified the ring of Gupir {rF+ MR+ Int-5 Dex+10} (You
                  | found it in a labyrinth)
 18434 | Lab      | Found an exit through the horrors of the Abyss.
 18505 | Lab      | Got a polished great mace
 18580 | D:14     | Identified the +6 great mace of Foul Odors {freeze, rElec
                  | rN+ Str+3 Stlth+} (You found it in a labyrinth)
 19524 | D:15     | Entered Level 15 of the Dungeon
 19635 | D:15     | Found a staircase to the Depths.
 19789 | D:15     | Found an opulent altar of Gozag.
 20144 | D:15     | Noticed Louise
 20157 | D:15     | Killed Louise
 20157 | D:15     | Reached XP level 16. HP: 84/152 MP: 15/15
 20161 | D:15     | Identified the +1 flail "Ogreslayer" {pain, Str+2} (You
                  | took it off a kobold in a bailey)
 20670 | Spider:1 | Entered Level 1 of the Spider Nest
 20670 | Spider:1 | Noticed Jorgrun
 20672 | Spider:1 | Killed Jorgrun
 21613 | Spider:2 | Noticed Agnes
 21617 | Spider:2 | Identified Roxanne's Grimoire of the Mountains
 21617 | Spider:2 | Noticed Roxanne
 21634 | Spider:2 | Killed Agnes
 21746 | Spider:2 | Found a transporter.
 21949 | Spider:2 | Found a transporter.
 21953 | Spider:2 | Got a crude steel ring
 21974 | Spider:2 | Identified the ring of Eternity {rElec rN+ Int+5} (You
                  | found it on level 2 of the Spider Nest)
 21983 | Spider:2 | Got an ancient bronze ring
 21986 | Spider:2 | Identified the ring of Kuwniani {rElec rF+ MR+ Int+5
                  | Stlth+} (You found it on level 2 of the Spider Nest)
 23032 | Spider:4 | Entered Level 4 of the Spider Nest
 23112 | Spider:4 | Reached XP level 17. HP: 152/162 MP: 16/16
 23531 | Spider:4 | Identified a scroll of acquirement
 24091 | Spider:4 | Got a gossamer rune of Zot
 24616 | Elf:1    | Entered Level 1 of the Elven Halls
 24616 | Elf:1    | Found the +5 demon whip "Spellbinder" {antimagic, MR+}
 24729 | Elf:1    | Found a ruined gateway.
 24733 | Elf:1    | Found a glowing golden altar of the Shining One.
 24733 | Elf:1    | Found a white marble altar of Elyvilon.
 24733 | Elf:1    | Found a glowing silver altar of Zin.
 24888 | Desolati | Entered the Desolation of Salt
 25211 | Desolati | Got a sparkling wooden ring
 25215 | Desolati | Identified the cursed ring "Rirasoap" {rF++ AC-3 Dex-2
                  | Slay+2 SInv} (You found it in the Desolation of Salt)
 25243 | Desolati | Got a coiled golden ring
 25244 | Desolati | Identified the ring "Nonwa" {rElec rN+ Slay+3} (You found
                  | it in the Desolation of Salt)
 25269 | Desolati | Reached skill level 15 in Shields
 25390 | Desolati | Reached XP level 18. HP: 157/173 MP: 17/17
 25582 | Desolati | Got a pair of steaming gloves
 25588 | Desolati | Identified the Guide on the Noxious Frostbite
 25602 | Desolati | Got an encrusted plate armour
 25605 | Desolati | Got a clouded sapphire amulet
 25621 | Desolati | Identified the cursed +0 plate armour of Hide-and-Seek {rC+
                  | Str+10 Int-3 Dex+7} (You found it in the Desolation of
                  | Salt)
 25631 | Desolati | Identified the +2 pair of gloves "Vino" {rF+ rC+} (You
                  | found it in the Desolation of Salt)
 26517 | Elf:2    | Found a deep blue altar of Sif Muna.
 26525 | Elf:2    | Found a runed door.
 26535 | Elf:2    | Noticed Nico3ck's ghost (veteran DsGl)
 26761 | Elf:2    | Found a runed gate.
 26761 | Elf:2    | Found a runed gate.
 26767 | Elf:2    | Found a runed gate.
 26866 | Elf:3    | Entered Level 3 of the Elven Halls
 27138 | Elf:3    | Reached skill level 15 in Dodging
 27833 | Elf:3    | Reached XP level 19. HP: 161/184 MP: 18/18
 28104 | Elf:3    | Identified the +5 battleaxe "Liqubych" {drain, +Inv rC-
                  | Str+3 Dex+6}
 28193 | Elf:3    | Found the +2 hat of the Bear Spirit {Spirit, +Rage rN+
                  | MR++}
 28302 | Elf:3    | Identified the amulet "Visatep" {RegenMP +Blink rC++ Dex+2
                  | Stlth-} (You found it in the Desolation of Salt)
 28708 | Shoals:1 | Entered Level 1 of the Shoals
 28905 | Shoals:3 | Found Feet's Weapon Emporium.
 28917 | Shoals:3 | Found Xiokhlah's Antique Weapon Boutique.
 29026 | Shoals:4 | Entered Level 4 of the Shoals
 29260 | Shoals:4 | Found Xaskowk's Distillery.
 29281 | Shoals:4 | Bought a potion of berserk rage for 65 gold pieces
 29477 | Shoals:4 | Identified the Incunabulum of the Entrancing Birds
 29660 | Shoals:4 | Got a barnacled rune of Zot
 30447 | Shoals:3 | Found Keteppu's Distillery.
 30454 | Shoals:3 | Found Kaqyom's General Store.
 30803 | Shoals:2 | Found Ofeel Refa's Jewellery Emporium.
 30811 | Shoals:2 | Found Xeijeis's Book Shop.
 30818 | Shoals:2 | Reached XP level 20. HP: 195/195 MP: 19/19
 30828 | Shoals:2 | Found Zoenekih's Gadget Shop.
 30837 | Shoals:2 | Bought a phantom mirror for 420 gold pieces
 30953 | Shoals:2 | Found Visud's Antique Armour Shoppe.
 31080 | Shoals:2 | Found Munt's Gadget Shoppe.
 31185 | Shoals:2 | Bought a phantom mirror for 570 gold pieces
 31601 | Shoals:1 | Found Querch's Antique Weapon Shop.
 31894 | Hell     | Entered the Vestibule of Hell
 31894 | Hell     | Noticed Geryon
 32117 | Vaults:1 | Entered Level 1 of the Vaults
 32126 | Vaults:1 | Found a flickering gateway to a bazaar.
 32155 | Bazaar   | Entered a bazaar
 32156 | Bazaar   | Found Uvoaloav's Jewellery Boutique.
 32160 | Bazaar   | Found Ellilarghun's Assorted Antiques.
 32170 | Bazaar   | Bought a potion of mutation for 208 gold pieces
 32170 | Bazaar   | Bought a potion of mutation for 208 gold pieces
 32177 | Bazaar   | Found Wumubayn's Armour Emporium.
 32180 | Bazaar   | Found Requang's Assorted Antiques.
 32190 | Bazaar   | Bought a scroll of identify for 48 gold pieces
 32190 | Bazaar   | Bought a scroll of identify for 48 gold pieces
 32195 | Bazaar   | Found Nypnutt's Jewellery Boutique.
 32218 | Bazaar   | Bought the +7 ice dragon scales "Odeipsib" {+Inv rF- rC++
                  | Int+4 Dex+3} for 1509 gold pieces
 33649 | Vaults:2 | Noticed Boris
 33659 | Vaults:2 | Killed Boris
 34235 | Vaults:2 | Reached XP level 21. HP: 203/207 MP: 18/20
 34888 | Vaults:3 | Noticed Mennas
 34901 | Vaults:3 | Killed Mennas
 35078 | Vaults:3 | Found a staircase to the Crypt.
 35359 | Vaults:3 | Reached skill level 1 in Evocations
 35365 | Vaults:3 | Reached skill level 1 in Spellcasting
 35419 | Vaults:3 | Found the +6 shillelagh "Devastator" {shatter}
 35422 | Vaults:3 | Identified the Catalogue of Changing and the Frostbite
 35425 | Vaults:3 | Identified the ring of Varitig {MR+ Int+3} (You found it on
                  | level 3 of the Vaults)
 35586 | Vaults:3 | Identified the Guide on the Boosting Traveller
 35601 | Vaults:3 | Identified Xyptywn's Almanac of Ensnaring Confrontation
 35969 | Vaults:3 | Reached skill level 5 in Stealth
 36020 | Vaults:3 | Reached XP level 22. HP: 189/217 MP: 26/26
 36025 | Vaults:3 | Reached skill level 5 in Evocations
 36517 | Vaults:4 | Found a portal to a secret trove of treasure.
 36839 | Vaults:4 | Reached skill level 5 in Spellcasting
 37119 | Vaults:4 | Found Totobru's Antique Armour Shop.
 37540 | Vaults:4 | Found a hazy altar of Hepliaklqana.
 37702 | Depths:1 | Entered Level 1 of the Depths
 37716 | Depths:1 | Noticed Frederick
 37765 | Depths:1 | Killed Frederick
 38112 | Depths:1 | Found Ronisk's Food Boutique.
 38131 | Depths:1 | Found Gufif's Assorted Antiques.
 38134 | Depths:1 | Found Biomat's Jewellery Boutique.
 38177 | Depths:1 | Bought the ring of Sihur {Fire -Tele rPois rN+} for 556
                  | gold pieces
 38177 | Depths:1 | Bought the macabre finger necklace {rN+} for 640 gold
                  | pieces
 38177 | Depths:1 | Found the macabre finger necklace {rN+}
 38219 | Depths:1 | Found Jomeetug's Antique Weapon Shoppe.
 38564 | Depths:2 | Reached XP level 23. HP: 225/225 MP: 31/31
 38635 | Depths:2 | Noticed Nikola
 38638 | Depths:2 | Noticed a juggernaut
 38647 | Depths:2 | Killed a juggernaut
 38651 | Depths:2 | Killed Nikola
 38810 | Depths:2 | Found a runed door.
 38811 | Depths:2 | Found a gateway to a ziggurat.
 38811 | Depths:2 | Noticed Hulotote's ghost (journeyman SpBe)
 38920 | Depths:2 | Reached skill level 10 in Stealth
 38967 | Depths:2 | Reached skill level 10 in Evocations
 39174 | Depths:2 | Noticed a juggernaut
 39185 | Depths:2 | Killed a juggernaut
 39286 | Depths:2 | Noticed a caustic shrike
 39294 | Depths:2 | Killed a caustic shrike
 39937 | D:9      | Killed Soeti's ghost
 39938 | D:9      | Killed TheNamelessOne's ghost
 39940 | D:9      | Killed rabbit's ghost
 40104 | Depths:3 | Found Qawoox's Food Shop.
 40117 | Depths:3 | Noticed a juggernaut
 40139 | Depths:3 | Killed a juggernaut
 40139 | Depths:3 | Noticed a juggernaut
 40152 | Depths:3 | Reached XP level 24. HP: 115/233 MP: 17/31
 40159 | Depths:3 | Killed a juggernaut
 40626 | Depths:3 | Found a one-way gate leading to the halls of Pandemonium.
 40634 | Depths:3 | Identified the Collected Works on Glacial Toxins
 41153 | Depths:4 | Found a one-way gate to the infinite horrors of the Abyss.
 42096 | Depths:4 | Found a snail-covered altar of Cheibriados.
 42396 | Depths:5 | Entered Level 5 of the Depths
 42400 | Depths:5 | Noticed Xtahua
 42410 | Depths:5 | Killed Xtahua
 42414 | Depths:5 | Reached XP level 25. HP: 230/238 MP: 31/32
 42689 | Depths:5 | Found a gate to the Realm of Zot.
 42865 | Depths:5 | Noticed Boris
 42882 | Depths:5 | Killed Boris
 43086 | Depths:4 | Voluntarily entered the Abyss.
 43089 | Abyss:1  | Found a corrupted altar of Lugonu.
 43634 | Abyss:2  | Reached skill level 15 in Stealth
 43696 | Abyss:3  | Gained mutation: You are weak. (Str -2) [a neqoxec]
 43800 | Abyss:3  | Found a corrupted altar of Lugonu.
 43827 | Abyss:3  | Reached skill level 15 in Evocations
 44006 | Abyss:4  | Found a corrupted altar of Lugonu.
 44018 | Abyss:4  | Got a transparent hat
 44020 | Abyss:4  | Identified the +0 hat of Qisiwn {rC+ rN+ MR+ Slay+2} (You
                  | acquired it on level 4 of the Abyss)
 44263 | Depths:4 | Escaped the Abyss
 44498 | Hell     | Noticed Murray
 44501 | Hell     | Killed Murray
 44502 | Hell     | Killed Geryon
 44923 | Hell     | Found a gateway to the Iron City of Dis.
 44964 | Hell     | Found a gateway to the freezing wastes of Cocytus.
 44980 | Hell     | Reached XP level 26. HP: 246/246 MP: 34/34
 45107 | Hell     | Found a gateway to the ashen valley of Gehenna.
 45188 | Hell     | Found a gateway to the decaying netherworld of Tartarus.
 45791 | Vaults:5 | Entered Level 5 of the Vaults
 46203 | Vaults:4 | You paid a toll of +3 storm dragon scales to enter a
                  | treasure trove
 46204 | Trove    | Entered a treasure trove
 46230 | Trove    | Identified Kurchase's Incunabulum of Unholy Flight
 46497 | Vaults:5 | Got a silver rune of Zot
 46499 | Vaults:5 | Identified the Compendium of Ashen Fascination
 46685 | Vaults:5 | Identified the amulet of Eshug {Faith rElec rPois Dex-4
                  | Stlth+}
 46747 | Vaults:5 | Got a scorched brass ring
 46926 | Vaults:5 | Got a faintly humming scale mail
 46974 | Vaults:5 | Identified the ring "Zorphopt" {rF- rN+ Int+2 Dex+2 SInv}
                  | (You found it on level 5 of the Vaults)
 46975 | Vaults:5 | Identified the +2 scale mail of Mysticism {Regen+ Dex+5
                  | Stlth-} (You found it on level 5 of the Vaults)
 47476 | Crypt:1  | Entered Level 1 of the Crypt
 47964 | Crypt:1  | Reached XP level 27. HP: 254/254 MP: 34/34
 48385 | Slime:1  | Entered Level 1 of the Pits of Slime
 48390 | Slime:1  | Gained mutation: Your magical capacity is low. (-10% MP) [a
                  | shining eye]
 48789 | Slime:1  | Gained mutation: You are frail. (-10% HP) [a shining eye]
 49483 | Slime:4  | Gained mutation: Armour fits poorly on your strangely
                  | shaped body. [a shining eye]
 49603 | Slime:5  | Entered Level 5 of the Pits of Slime
 49605 | Slime:5  | Gained mutation: Your magical capacity is very low. (-20%
                  | MP) [a shining eye]
 50022 | Slime:5  | Noticed the Royal Jelly
 50110 | Slime:5  | Killed the Royal Jelly
 50118 | Slime:5  | HP: 11/232 [disintegration (11)]
 50526 | Slime:5  | Got a slimy rune of Zot
 50586 | Slime:5  | Identified the Incunabulum of Boosting Flames
 50624 | Slime:5  | Got a steaming morningstar
 50645 | Slime:5  | Got a shimmering plate armour
 50646 | Slime:5  | Identified the cursed +0 plate armour of Zyhej {rF+ SInv}
                  | (You found it on level 5 of the Pits of Slime)
 50648 | Slime:5  | Identified the +10 morningstar of Compound Interest {crush,
                  | rC+ Dex+3} (You found it on level 5 of the Pits of Slime)
 50673 | Slime:5  | Identified the ring "Bopload" {rF+ Int+2} (You found it on
                  | level 5 of the Pits of Slime)
 50709 | Slime:5  | Lost mutation: Armour fits poorly on your strangely shaped
                  | body. [potion of mutation]
 50709 | Slime:5  | Lost mutation: Your magical capacity is very low. (-20% MP)
                  | [potion of mutation]
 50709 | Slime:5  | Gained mutation: You are very weak. (Str -4) [potion of
                  | mutation]
 50709 | Slime:5  | Gained mutation: Scrolls take you a little longer to read.
                  | [potion of mutation]
 50709 | Slime:5  | Gained mutation: You are partially covered in iridescent
                  | scales. (AC +2) [potion of mutation]
 50709 | Slime:5  | Gained mutation: You have large cloven feet. [potion of
                  | mutation]
 50710 | Slime:5  | Lost mutation: You have large cloven feet. [potion of
                  | mutation]
 50710 | Slime:5  | Lost mutation: Scrolls take you a little longer to read.
                  | [potion of mutation]
 50710 | Slime:5  | Gained mutation: You expend magic power (3 MP) to
                  | strengthen your wands. [potion of mutation]
 50710 | Slime:5  | Lost mutation: You are very weak. (Str -4) [potion of
                  | mutation]
 50970 | Depths:4 | Upgraded the game from 0.23-a0-356-g1757c6e to
                  | 0.23-a0-358-g98c7a59
 51085 | Depths:4 | Voluntarily entered the Abyss.
 51818 | Abyss:1  | Got a crude granite ring
 51828 | Abyss:1  | Identified the ring "Qausac" {Dex+5 SInv Stlth+} (You found
                  | it on level 1 of the Abyss)
 51847 | Abyss:2  | Found a corrupted altar of Lugonu.
 51938 | Abyss:2  | Learned a level 2 spell: Passwall
 51941 | Abyss:2  | Learned a level 2 spell: Blink
 51944 | Abyss:2  | Learned a level 2 spell: Swiftness
 51948 | Abyss:2  | Learned a level 3 spell: Lesser Beckoning
 51952 | Abyss:2  | Learned a level 3 spell: Regeneration
 52097 | Abyss:2  | Found a runed gate.
 52097 | Abyss:2  | Found a runed gate.
 52097 | Abyss:2  | Found a runed gate.
 52237 | Abyss:2  | Found a runed gate.
 52238 | Abyss:2  | Found a runed gate.
 52239 | Abyss:2  | Found a runed gate.
 52683 | Abyss:3  | Reached skill level 10 in Spellcasting
 52766 | Abyss:3  | Found a corrupted altar of Lugonu.
 52889 | Abyss:3  | Got a sparkling steel ring
 52908 | Abyss:3  | Paralysed by accursed screaming for 1 turns
 52927 | Abyss:3  | Paralysed by accursed screaming for 2 turns
 52931 | Depths:4 | Escaped the Abyss
 53174 | Hell     | Identified the ring of Ascent {rC+ rN+ EV+2} (You found it
                  | on level 3 of the Abyss)
 53258 | Coc:1    | Entered Level 1 of Cocytus
 53619 | Coc:1    | Reached skill level 1 in Necromancy
 53693 | Tar:1    | Entered Level 1 of Tartarus
 53700 | Tar:1    | Reached skill level 1 in Charms
 54707 | Tar:4    | Noticed an ancient lich
 54717 | Tar:4    | Killed an ancient lich
 55034 | Tar:1    | Reached skill level 5 in Necromancy
 55083 | Tar:1    | Learned a level 6 spell: Statue Form
 55331 | Tar:1    | Reached skill level 5 in Charms
 56382 | Tar:5    | Reached skill level 1 in Transmutations
 56382 | Tar:5    | Reached skill level 1 in Earth Magic
 57013 | Tar:6    | Reached skill level 5 in Transmutations
 57013 | Tar:6    | Reached skill level 5 in Earth Magic
 57084 | Tar:7    | Entered Level 7 of Tartarus
 59762 | Tar:7    | Reached skill level 10 in Earth Magic
 59769 | Tar:7    | Reached skill level 10 in Transmutations
 60088 | Tar:7    | Identified the Grimoire of Ignition
 60096 | Tar:7    | Identified the +6 mace "Omitt" {crush, rF+ Int+3} (You
                  | found it on level 7 of Tartarus)
 60332 | Tar:7    | Identified the Reference Book on Spatial Flight
 60542 | Tar:7    | Noticed Ereshkigal
 60802 | Tar:7    | Killed Ereshkigal
 60885 | Tar:7    | Found the ring of Shadows {Umbra +Inv Stlth+}
 60887 | Tar:7    | Identified the ring "Oclast" {EV+1 Int+3 Dex+6} (You found
                  | it on level 7 of Tartarus)
 60889 | Tar:7    | Identified the ring of the Furies {Ice Dex+4} (You found it
                  | on level 7 of Tartarus)
 60893 | Tar:7    | Got a bone rune of Zot
 61136 | Depths:4 | Voluntarily entered the Abyss.
 61163 | Abyss:2  | Found a corrupted altar of Lugonu.
 61173 | Abyss:2  | Identified the +0 hat "Puilaf" {+Inv Regen+ Str-2 Int-3}
                  | (You acquired it on level 2 of the Abyss)
 61287 | Abyss:3  | Got an abyssal rune of Zot
 61403 | Depths:4 | Escaped the Abyss
 61506 | Zot:1    | Entered Level 1 of the Realm of Zot
 61915 | Zot:1    | Reached skill level 27 in Fighting
 63275 | Dis:1    | Entered Level 1 of the Iron City of Dis
 64693 | Dis:7    | Entered Level 7 of the Iron City of Dis
 65522 | Dis:7    | Gained mutation: Your magical capacity is very low. (-20%
                  | MP) [mutagenic glow]
 66019 | Dis:7    | Gained mutation: Your spells are a little easier to cast,
                  | but a little less powerful. [a cacodemon]
 66022 | Dis:7    | Gained mutation: You have supernaturally acute eyesight.
                  | (SInv) [a cacodemon]
 66527 | Dis:7    | Got a blackened ring mail
 66528 | Dis:7    | Identified the +8 ring mail of Grace {rElec Str+5} (You
                  | found it on level 7 of the Iron City of Dis)
 66627 | Dis:7    | Found the +3 giant club "Skullcrusher" {speed, Str+7}
 66755 | Dis:7    | Gained mutation: You occasionally shout uncontrollably at
                  | your foes. [a cacodemon]
 67107 | Dis:7    | Identified the +13 crystal plate armour "Earthly Heaven"
                  | {SInv}
 67173 | Dis:7    | Identified the +4 staff of Dispater
 67173 | Dis:7    | Noticed Dispater
 67201 | Dis:7    | Killed Dispater
 67229 | Dis:7    | Got an iron rune of Zot
 67517 | Geh:1    | Entered Level 1 of Gehenna
 68046 | Zot:3    | Found a transporter.
 68572 | Zot:3    | Found the +0 mask of the Dragon {MR+ Slay+3 SInv}
 68833 | Zot:3    | Found a transporter.
 69981 | Geh:6    | Reached skill level 15 in Transmutations
 70056 | Geh:6    | Reached skill level 15 in Earth Magic
 70228 | Geh:7    | Entered Level 7 of Gehenna
 70801 | Geh:7    | Got a crude platinum ring
 70818 | Geh:7    | Identified the ring of Mupueduc {rElec rPois rF- Str-2
                  | Slay+5} (You found it on level 7 of Gehenna)
 71301 | Geh:7    | Got a wizard robe
 71443 | Geh:7    | Identified the +7 sceptre of Asmodeus
 71443 | Geh:7    | Noticed Asmodeus
 71684 | Geh:7    | Killed Asmodeus
 71722 | Geh:7    | Got an obsidian rune of Zot
 71729 | Geh:7    | Got a citrine-encrusted chain mail
 71730 | Geh:7    | Identified the cursed +0 chain mail "Penugani" {Dex+4} (You
                  | found it on level 7 of Gehenna)
 71964 | Pan      | Entered Pandemonium
 72326 | Pan      | Reached skill level 27 in Armour
 73333 | Pan      | Noticed a seraph
 73341 | Pan      | Killed a seraph
 73343 | Pan      | Found a glowing golden altar of the Shining One.
 73364 | Pan      | Identified the Incunabulum of Gliding Translocation
 73378 | Pan      | Got a demonic rune of Zot
 73768 | Pan      | Found a glowing silver altar of Zin.
 73782 | Pan      | Identified the cursed +0 large shield of Gravitas {rElec
                  | rCorr Str+7}
 74305 | Pan      | Identified the +0 pair of boots "Juekoal" {rN+ MR- Str+4
                  | Int+2} (You found it in Pandemonium)
 74447 | Pan      | Found a white marble altar of Elyvilon.
 75096 | Pan      | Gained mutation: You are very weak. (Str -4) [a neqoxec]
 75102 | Pan      | Gained mutation: Your body sometimes deteriorates upon
                  | taking damage. [a neqoxec]
 75103 | Pan      | Gained mutation: You are occasionally teleported next to
                  | monsters. [a neqoxec]
 75172 | Pan      | Noticed Qissoby the pandemonium lord
 75181 | Pan      | Killed Qissoby the pandemonium lord
 75440 | Pan      | Noticed Filet the pandemonium lord
 75450 | Pan      | Killed Filet the pandemonium lord
 75484 | Pan      | Entered the realm of Mnoleg.
 75485 | Pan      | Gained mutation: You are dopey. (Int -2) [a cacodemon]
 75490 | Pan      | Gained mutation: Armour fits poorly on your strangely
                  | shaped body. [a neqoxec]
 75500 | Pan      | Gained mutation: Your body often deteriorates upon taking
                  | damage. [a shining eye]
 75502 | Pan      | Lost mutation: You are frail. (-10% HP) [a shining eye]
 75603 | Pan      | Found an exit through the horrors of the Abyss.
 75653 | Pan      | Gained mutation: You do not regenerate when monsters are
                  | visible. [a neqoxec]
 75678 | Pan      | Noticed Mnoleg
 75692 | Pan      | Killed Mnoleg
 75703 | Pan      | Gained mutation: Potions are less effective at restoring
                  | your health. [a cacodemon]
 75718 | Pan      | Got a glowing rune of Zot
 75793 | Pan      | Entered the realm of Lom Lobon.
 76435 | Pan      | Noticed Lom Lobon
 76451 | Pan      | Killed Lom Lobon
 76475 | Pan      | Got a magical rune of Zot
 76599 | Pan      | Entered the realm of Cerebov.
 76651 | Pan      | Identified the amulet "Pataesk" {+Rage +Fly rC+} (You found
                  | it in Pandemonium)
 76697 | Pan      | Found an exit through the horrors of the Abyss.
 76877 | Pan      | Identified the +6 sword of Cerebov {flame}
 76877 | Pan      | Noticed Cerebov
 76966 | Pan      | Identified the ring of the Skies Above {rF+ Slay+3}
 77116 | Pan      | Identified a +2 pair of boots of running (You found it in
                  | Pandemonium)
 77287 | Pan      | Got a jewelled ring mail
 77288 | Pan      | Identified the +2 ring mail of the Original Sin {rN++} (You
                  | found it in Pandemonium)
 77291 | Pan      | Identified the +9 morningstar of the Crawling Thing {crush,
                  | Int+2}
 77460 | Pan      | Identified the ring "Coidusou" {+Blink rElec rPois Str-5
                  | SInv}
 77503 | Pan      | Killed Cerebov
 77701 | Pan      | Got a fiery rune of Zot
 77782 | Pan      | Entered the realm of Gloorx Vloq.
 78150 | Pan      | Noticed Gloorx Vloq
 78161 | Pan      | Killed Gloorx Vloq
 78170 | Pan      | Got a dark rune of Zot
 78615 | Pan      | Found an exit through the horrors of the Abyss.
 78687 | Pan      | Reached skill level 27 in Maces & Flails
 78887 | Pan      | Took an exit into the Abyss.
 78887 | Abyss:1  | Escaped into the Abyss
 78960 | Depths:3 | Escaped the Abyss
 78962 | Depths:3 | Lost mutation: You do not regenerate when monsters are
                  | visible. [potion of mutation]
 78962 | Depths:3 | Lost mutation: You are dopey. (Int -2) [potion of mutation]
 78962 | Depths:3 | Lost mutation: Potions are less effective at restoring your
                  | health. [potion of mutation]
 78962 | Depths:3 | Lost mutation: Your body often deteriorates upon taking
                  | damage. [potion of mutation]
 78962 | Depths:3 | Gained mutation: Your natural rate of healing is unusually
                  | fast. [potion of mutation]
 78963 | Depths:3 | Lost mutation: You are occasionally teleported next to
                  | monsters. [potion of mutation]
 78963 | Depths:3 | Lost mutation: Armour fits poorly on your strangely shaped
                  | body. [potion of mutation]
 78963 | Depths:3 | Gained mutation: You have a pair of large horns on your
                  | head. [potion of mutation]
 78963 | Depths:3 | Gained mutation: You have sharp toenails. [potion of
                  | mutation]
 79560 | Crypt:2  | Noticed Bai Suzhen
 79566 | Crypt:2  | Killed Bai Suzhen
 79772 | Crypt:3  | Entered Level 3 of the Crypt
 79989 | Crypt:3  | Reached skill level 27 in Dodging
 80501 | Coc:1    | Lost mutation: Your magical capacity is very low. (-20% MP)
                  | [potion of mutation]
 80501 | Coc:1    | Lost mutation: You have supernaturally acute eyesight.
                  | (SInv) [potion of mutation]
 80501 | Coc:1    | Lost mutation: You are very weak. (Str -4) [potion of
                  | mutation]
 80501 | Coc:1    | Lost mutation: Your body sometimes deteriorates upon taking
                  | damage. [potion of mutation]
 80501 | Coc:1    | Lost mutation: Your magical capacity is low. (-10% MP)
                  | [potion of mutation]
 80501 | Coc:1    | Lost mutation: Your spells are a little easier to cast, but
                  | a little less powerful. [potion of mutation]
 80501 | Coc:1    | Gained mutation: You have razor-sharp toenails. [potion of
                  | mutation]
 81226 | Coc:7    | Entered Level 7 of Cocytus
 81251 | Coc:7    | Gained mutation: You are occasionally teleported next to
                  | monsters. [mutagenic glow]
 81281 | Coc:7    | Lost mutation: You expend magic power (3 MP) to strengthen
                  | your wands. [potion of mutation]
 81281 | Coc:7    | Lost mutation: You have a pair of large horns on your head.
                  | [potion of mutation]
 81281 | Coc:7    | Lost mutation: You occasionally shout uncontrollably at
                  | your foes. [potion of mutation]
 81281 | Coc:7    | Gained mutation: You possess an exceptional clarity of
                  | mind. [potion of mutation]
 81282 | Coc:7    | Lost mutation: You are weak. (Str -2) [potion of mutation]
 81282 | Coc:7    | Lost mutation: You possess an exceptional clarity of mind.
                  | [potion of mutation]
 81282 | Coc:7    | Lost mutation: You are occasionally teleported next to
                  | monsters. [potion of mutation]
 81282 | Coc:7    | Lost mutation: You are partially covered in iridescent
                  | scales. (AC +2) [potion of mutation]
 81282 | Coc:7    | Gained mutation: You are partially covered in icy blue
                  | scales. (AC +2) [potion of mutation]
 81394 | Coc:7    | Reached skill level 27 in Shields
 81520 | Coc:7    | Identified the +8 scythe "Losaqib" {elec, SInv}
 82082 | Coc:7    | Reached skill level 15 in Spellcasting
 82158 | Coc:7    | Noticed the Serpent of Hell
 82167 | Coc:7    | Killed the Serpent of Hell
 82263 | Coc:7    | Noticed Antaeus
 82272 | Coc:7    | HP: 16/345 [Antaeus (60)]
 82272 | Coc:7    | Slain by Antaeus

Vault maps used:
D:1:      ncdulo_halloftheorcs
D:2:      lightli_temple_of_fire, chequers_ecumenical_altar_simple,
          first_ration, fedhas_altar_2, uniq_natasha, uniq_sigmund
D:3:      kennysheep_decorative_pillar, nemelex_xobeh_ov_fountains_minmay,
          uniq_jessica, uniq_grinder
D:4:      lemuel_coloured_pillars_altar, serial_shops,
          nicolae_shop_temple_entry_statues_fountains, serial_glass,
          glass_columns_a, glass_columns_c, st_stairs_7, uniq_pikel,
          uniq_crazy_yiuf_cottage, uniq_ijyb, uniq_menkaure, uniq_edmund
D:5:      kennysheep_vampire_church, temple_hall, guppyfry_shop_venom,
          uniq_eustachio
D:6:      kennysheep_little_box, nicolae_gozag_seed_capital
D:8:      minmay_gate_of_8, evilmike_ruin_ashenzari,
          hangedman_little_slice_of_home
D:9:      lemuel_troll_bridge, lemuel_round_altar, serial_shops, shop_fountains,
          gammafunk_ghost_cemetery, special_room
D:10:     grunt_lair_entry_orc_guard_hut, orc_0_dummy
D:11:     nicolae_two_hexagons, uniq_josephine, uniq_harold
D:12:     enter_bailey_6, nicolae_transmutations_shop
D:13:     david_vaults_3, serial_shops, nicolae_shop_behind_doors
D:14:     lab_entry_generic, hangedman_aviary
D:15:     gammafunk_depths_entry_grave, minivault_4, basic_altar, uniq_rupert,
          uniq_louise
Temple:   compressed_dpeg_circular_temple
Lair:1:   basic_altar, hibernation_bobbens, infiniplex_staircase_pool_2
Lair:2:   basic_altar, grunt_forest_stairs_basic, uniq_gastronok
Lair:3:   kennysheep_basilisk_garden
Lair:4:   gammafunk_cloud_chamber, elwin_shoals_entry_stream,
          spider_nest_entry_rubble, lemuel_fruit_fields
Lair:5:   slime_altar_1
Lair:6:   evil_forest
Shoals:1: serial_shops, shop, hangedman_shoals_cup_caves
Shoals:2: serial_shops, nicolae_shop_competitors_out_of_business, shop, shop,
          nicolae_shop_trees, shop
Shoals:3: serial_shops, shop, shop_statue, nicolae_shop_crystal, shop
Shoals:4: shoals_end_grunt_ice, serial_shops, shop
Spider:1: uniq_jorgrun
Spider:2: gammafunk_its_a_trap, minmay_another_anthill, uniq_agnes, uniq_roxanne
Spider:4: guppyfry_spider_rune
Slime:4:  cheibrodos_slime_lost_civilization_5
Orc:2:    st_orc_ogre_mass, basic_altar, uniq_azrael
Elf:1:    minmay_elf_arrival_circle, portal_desolation_entry_holy_temple,
          minivault_28, minivault_26
Elf:2:    basic_altar, gammafunk_ghost_grave
Elf:3:    minmay_elf_hall_curves
Vaults:1: ontoclasm_vaults_hangar, v_misc_32, vaults_dpeg_cross,
          vaults_room_fours, vaults_standard_mumra_lines,
          ontoclasm_vaults_hangar, vaults_dpeg_ring, serial_shops,
          bzr_entry_customers
Vaults:2: nicolae_vaults_alarming, v_misc_33, v_misc_22, st_eye, v_misc_18,
          ontoclasm_vaults_twist, ontoclasm_vaults_eye, ontoclasm_vaults_pinch,
          nicolae_vaults_network_square, vaults_room_fours,
          nicolae_vaults_gold_heap, uniq_boris
Vaults:3: st_greater_box_4, vaults_dpeg_diagonal, minmay_crypt_entry_simple_box,
          vaults_room_grid, hangedman_vaults_corner_blocks,
          vaults_mumra_hexcomb, grunt_vaults_focal, dpeg_vaults_monster_row,
          nicolae_vaults_border_crossing, v_misc_26,
          vaults_room_grunt_arrival_ludios, uniq_mennas
Vaults:4: v_alt_pattern_2, v_alt_pattern_1, nicolae_vaults_c_with_doors,
          hangedman_vaults_variations, nicolae_vaults_twisting_passages,
          ontoclasm_vaults_decontamination, vaults_mumra_hex, v_misc_13,
          hangedman_vaults_pinch, v_pattern_4, vaults_mumra_lcd,
          nicolae_vaults_bisected_slash, enter_trove_6, serial_shops, shop,
          basic_altar
Crypt:1:  st_stairs_8
Crypt:2:  uniq_bai_suzhen
Crypt:3:  due_elkab, nicolae_tomb_entry_grand_gallery
Depths:1: fountainhead, hell_entry, serial_shops, nicolae_shop_stone, shop,
          shop, shop, grunt_ministairs_6, minmay_misc_feat_tiny, sword_in_stone
Depths:2: kennysheep_large_vault, enter_ziggurat_f,
          muffindrake_ghost_dead_mans_drink, pf_hell_entry_tar_river,
          bh_walls_and_bars, serial_bayou_shore_b,
          infiniplex_staircase_squiggle, uniq_nikola
Depths:3: grunt_crosshair, grunt_hell_horde, serial_shops, shop, pan_entry,
          firewood_loft
Depths:4: pf_snail_temple, hangedman_abyss_entry_splay, grunt_hell_entry_dis_mu
Depths:5: evilmike_zot_entry_hall, hangedman_coc_ice_floe, fountainhead,
          uniq_frederick, uniq_xtahua, uniq_boris
Dis:5:    lightli_tower_of_babel
Dis:7:    iron_city_of_dis, nicolae_dis_strange_trophy_room
Geh:1:    grunt_megastairs_5
Geh:2:    lemuel_flamethrower_3
Geh:5:    special_room
Geh:7:    geh_grunt
Coc:4:    serial_ice, serial_ice_o, serial_ice_a, serial_ice_d, serial_ice_m,
          serial_ice_g, serial_ice_b
Coc:7:    coc_mu
Tar:6:    nicolae_tar_cuneiform_water, lemuel_nasty_pond
Tar:7:    tar_minmay_river
Zot:1:    grunt_megastairs_2
Zot:3:    hangedman_zot_decor_slant, bh_zot_ikea_curve,
          chequers_guarded_unrand_mask_of_the_dragon, basic_stair_grate_trap
Abyss:1:  evilmike_abyss_exit_chaos
Abyss:2:  bh_abyss_exit_spiral
Abyss:3:  dshaligram_kb_abyss_rune_zappy_water_cross,
          evilmike_nicolae_abyss_rune_containment_curve
Abyss:4:  evilmike_abyss_rune_siren_acolytes, minivault_20
Pan:      evilmike_mini_pan_other_thingy, pan_blood_fountain,
          pan_blood_fountain_small, evilmike_holy_pan, evilmike_mini_pan_3x3,
          evilmike_mini_pan_possible_glass, pan_disco_hall, pan_blood_fountain,
          evilmike_mini_pan_murderfest, pan_blood_fountain_2,
          evilmike_mini_pan_corridor, pan_blood_fountain_small,
          evilmike_mini_pan_layers, evilmike_mini_pan_doors,
          evilmike_mini_pan_3x3, mnoleg, lom_lobon_grunt_wind_tunnels,
          nicolae_pan_cerebovesque_3, evilmike_cerebov_lava,
          pan_blood_fountain_small, gloorx_vloq_grunt_torture_chamber,
          evilmike_mini_pan_T, nicolae_pan_gloorx_vloqian_2,
          reaverb_pan_chaos_star, grunt_pan_frozen_over, nicolae_pan_glass_arcs,
          pan_blood_fountain_small, pan_captured_pigsty, rand_demon_4,
          evilmike_mini_pan_branches
Lab:      nicolae_lab_very_dead_end, nicolae_lab_dead_end,
          labyrinth_skeletal_remains, labyrinth_fake_exit,
          nicolae_lab_flowing_pool, nicolae_lab_t_cross, labyrinth_glass_1,
          lab_block, nicolae_lab_stuck, nicolae_lab_swirl
Bazaar:   bazaar_kb_twisted_cavern
Trove:    trove_books_scrolls
Bailey:   bailey_axe_4, bailey

Skill      XL: |  1  2  3  4  5  6  7  8  9 10 11 12 13 14 15 16 17 18 19 20 21 22 23 24 25 26 27 |
---------------+----------------------------------------------------------------------------------+-----
Fighting       | 4 6 7 9 10 12 14 15 16 17 18 19 20 22 27 | 27.0
Maces & Flails | 4 6 7 9 10 12 14 15 16 17 18 27 | 27.0
Armour         | 1 8 11 15 16 17 18 19 20 21 22 23 27 | 27.0
Dodging        | 8 10 11 12 13 15 16 18 19 27 | 27.0
Shields        | 8 10 11 12 14 15 16 18 19 22 27 | 27.0
Stealth        | 5 9 11 14 16 | 16.0
Evocations     | 4 8 11 14 16 | 16.0
Spellcasting   | 3 6 7 15 | 15.1
Necromancy     | 8 |  8.2
Charms         | 7 |  7.9
Transmutations | 16 | 16.0
Earth Magic    | 16 | 16.0

Action                   |  1- 3 |  4- 6 |  7- 9 | 10-12 | 13-15 | 16-18 | 19-21 | 22-24 | 25-27 || total
-------------------------+-------+-------+-------+-------+-------+-------+-------+-------+-------++-------
Melee: Mace              |    48 |     8 |    81 |       |       |       |       |       |       ||   137
       Headbutt          |    14 |     8 |    62 |    80 |   157 |   272 |   430 |   481 |  3327 ||  4831
       Whip              |    29 |    43 |       |       |       |       |       |       |       ||    72
       Dire flail        |       |       |   215 |   297 |       |       |       |       |       ||   512
       Morningstar       |       |       |       |   141 |   916 |  1085 |  1245 |   726 |  9798 || 13911
       Shillelagh        |       |       |       |       |       |       |   113 |   622 |   505 ||  1240
       Kick              |       |       |       |       |       |       |       |       |    80 ||    80
       Eveningstar       |       |       |       |       |       |       |       |       |    48 ||    48
Throw: Tomahawk          |       |       |       |     2 |       |       |       |       |       ||     2
       Javelin           |       |       |       |       |       |       |       |       |     1 ||     1
 Cast: Regeneration      |       |       |       |       |       |       |       |       |   104 ||   104
       Statue Form       |       |       |       |       |       |       |       |       |    15 ||    15
       Passwall          |       |       |       |       |       |       |       |       |    10 ||    10
       Swiftness         |       |       |       |       |       |       |       |       |     2 ||     2
Invok: Whirlwind         |       |       |    28 |   142 |   347 |   371 |   442 |   535 |  4160 ||  6025
       Lunge             |       |       |    27 |    63 |   117 |   107 |   148 |   122 |  1027 ||  1611
       Serpent's Lash    |       |       |       |     2 |     4 |    12 |     3 |     8 |    64 ||    93
       Heavenly Storm    |       |       |       |       |     1 |     6 |     1 |       |    17 ||    25
 Abil: Wall Jump         |       |       |       |     1 |     4 |     3 |     6 |     2 |    18 ||    34
       End Transformatio |       |       |       |       |       |       |       |       |     1 ||     1
Evoke: Wand              |       |       |       |     1 |       |       |       |       |     1 ||     2
       Phantom mirror    |       |       |       |       |       |       |       |       |     7 ||     7
       Lamp of fire      |       |       |       |       |       |       |       |       |     1 ||     1
  Use: Scroll            |       |     1 |     4 |    10 |    12 |    11 |    10 |     5 |    61 ||   114
       Potion            |       |       |       |       |     1 |       |     2 |       |    28 ||    31
 Stab: Sleeping          |     2 |       |     4 |     3 |       |       |     2 |     7 |    52 ||    70
       Distracted        |       |       |       |     1 |       |       |       |     5 |    58 ||    64
  Eat: Chunk             |       |     2 |    14 |    14 |    34 |    13 |    29 |    20 |    25 ||   151
       Ration            |       |       |       |       |       |     4 |       |     1 |    41 ||    46
Armor: Robe              |    10 |       |       |       |       |       |       |       |       ||    10
       Ring mail         |    14 |     9 |     5 |       |       |       |       |       |       ||    28
       Scale mail        |       |       |    52 |       |       |       |       |       |       ||    52
       Leather armour    |       |       |    27 |    26 |     5 |       |       |       |       ||    58
       Plate armour      |       |       |       |    85 |   235 |   218 |   108 |       |       ||   646
       Chain mail        |       |       |       |       |    73 |   175 |       |       |       ||   248
       Ice dragon scales |       |       |       |       |       |       |   112 |   205 |   928 ||  1245
       Crystal plate arm |       |       |       |       |       |       |       |       |   243 ||   243
       Skin              |       |       |       |       |       |       |       |       |    50 ||    50
Dodge: Dodged            |    74 |    29 |   138 |   111 |   324 |   482 |   658 |   456 |  2688 ||  4960
Block: Buckler           |       |       |       |    10 |   166 |   273 |   426 |   106 |       ||   981
       Reflection        |       |       |       |       |       |       |    72 |     7 |       ||    79
       Large shield      |       |       |       |       |       |       |       |   652 |  7225 ||  7877

Table legend:
 A = Non-vault XP
 B = Vault XP
 C = Vault XP percentage of total XP
 D = Non-vault monster count
 E = Vault monster count
 F = Vault count percentage of total count
                 A         B        C        D         E       F
            +---------+---------+-------+---------+---------+-------
      Total | 2195330 | 1553332 |  41.4 |    3604 |    1562 |  30.2
            +---------+---------+-------+---------+---------+-------
        D:1 |      57 |       0 |   0.0 |      32 |       0 |   0.0
        D:2 |     139 |     266 |  65.7 |      23 |       2 |   8.0
        D:3 |      36 |     299 |  89.3 |      18 |       2 |  10.0
        D:4 |     201 |    1059 |  84.0 |      28 |       5 |  15.2
        D:5 |     681 |     643 |  48.6 |      19 |       9 |  32.1
        D:6 |     719 |       0 |   0.0 |      17 |       0 |   0.0
        D:7 |    1302 |    1006 |  43.6 |      21 |       2 |   8.7
        D:8 |    1796 |    2931 |  62.0 |      36 |      14 |  28.0
        D:9 |    3063 |    8033 |  72.4 |      25 |      37 |  59.7
       D:10 |     807 |     856 |  51.5 |       9 |       6 |  40.0
       D:11 |    1918 |    2800 |  59.3 |      16 |       5 |  23.8
       D:12 |    8849 |       0 |   0.0 |      43 |       0 |   0.0
       D:13 |    3890 |    8593 |  68.8 |      16 |      20 |  55.6
       D:14 |    8809 |    5893 |  40.1 |      50 |       8 |  13.8
       D:15 |    9208 |    6764 |  42.3 |      26 |       9 |  25.7
     Lair:1 |    3790 |     433 |  10.3 |      17 |       1 |   5.6
     Lair:2 |    6396 |    2193 |  25.5 |      39 |       1 |   2.5
     Lair:3 |   11569 |     768 |   6.2 |      28 |       4 |  12.5
     Lair:4 |    3341 |    3293 |  49.6 |      17 |      11 |  39.3
     Lair:5 |    4085 |       0 |   0.0 |      16 |       0 |   0.0
     Lair:6 |    4669 |    9422 |  66.9 |      17 |      26 |  60.5
   Shoals:1 |    7358 |    6028 |  45.0 |      16 |      12 |  42.9
   Shoals:2 |    9764 |       0 |   0.0 |      23 |       0 |   0.0
   Shoals:3 |   17610 |       0 |   0.0 |      29 |       0 |   0.0
   Shoals:4 |   25099 |   25407 |  50.3 |      45 |      31 |  40.8
   Spider:1 |    8599 |    2712 |  24.0 |      22 |       1 |   4.3
   Spider:2 |   19806 |   12197 |  38.1 |      50 |      43 |  46.2
   Spider:3 |   12983 |       0 |   0.0 |      35 |       0 |   0.0
   Spider:4 |   13879 |   24891 |  64.2 |      46 |      40 |  46.5
    Slime:1 |    9230 |       0 |   0.0 |      15 |       0 |   0.0
    Slime:2 |   21938 |       0 |   0.0 |      26 |       0 |   0.0
    Slime:3 |    7119 |       0 |   0.0 |       8 |       0 |   0.0
    Slime:4 |    5827 |    1934 |  24.9 |      15 |       1 |   6.2
    Slime:5 |   19776 |   26943 |  57.7 |      26 |      10 |  27.8
      Orc:1 |     808 |     906 |  52.9 |      23 |       2 |   8.0
      Orc:2 |    2506 |   18931 |  88.3 |      14 |      40 |  74.1
      Elf:1 |   24700 |   11295 |  31.4 |      38 |      18 |  32.1
      Elf:2 |   13910 |    1826 |  11.6 |      19 |       2 |   9.5
      Elf:3 |   18767 |   41304 |  68.8 |      29 |      27 |  48.2
   Vaults:1 |   28447 |    6347 |  18.2 |      54 |      16 |  22.9
   Vaults:2 |   40990 |   34244 |  45.5 |      83 |      42 |  33.6
   Vaults:3 |   34595 |   92605 |  72.8 |      66 |      77 |  53.8
   Vaults:4 |   13012 |   62885 |  82.9 |      16 |      70 |  81.4
   Vaults:5 |   34082 |   96737 |  73.9 |      39 |      78 |  66.7
    Crypt:1 |   33952 |    4196 |  11.0 |      54 |       2 |   3.6
    Crypt:2 |   22917 |    5365 |  19.0 |      37 |       1 |   2.6
    Crypt:3 |   28607 |   10313 |  26.5 |      37 |      32 |  46.4
   Depths:1 |   27128 |   21344 |  44.0 |      39 |      15 |  27.8
   Depths:2 |   32194 |   75687 |  70.2 |      47 |      51 |  52.0
   Depths:3 |   50054 |   56842 |  53.2 |      51 |      54 |  51.4
   Depths:4 |   39310 |   50225 |  56.1 |      47 |      52 |  52.5
   Depths:5 |   28482 |   29231 |  50.6 |      30 |      15 |  33.3
       Hell |   48514 |   24884 |  33.9 |      58 |      36 |  38.3
      Dis:1 |    8971 |       0 |   0.0 |      25 |       0 |   0.0
      Dis:2 |    9069 |       0 |   0.0 |      18 |       0 |   0.0
      Dis:3 |    8958 |       0 |   0.0 |      28 |       0 |   0.0
      Dis:4 |   31735 |       0 |   0.0 |      51 |       0 |   0.0
      Dis:5 |   20298 |       0 |   0.0 |      40 |       0 |   0.0
      Dis:6 |   10274 |       0 |   0.0 |      23 |       0 |   0.0
      Dis:7 |   88196 |  122469 |  58.1 |     102 |      87 |  46.0
      Geh:1 |   19343 |       0 |   0.0 |      51 |       0 |   0.0
      Geh:2 |   17346 |       0 |   0.0 |      22 |       0 |   0.0
      Geh:3 |   14085 |       0 |   0.0 |      29 |       0 |   0.0
      Geh:4 |    4252 |       0 |   0.0 |      17 |       0 |   0.0
      Geh:5 |    7131 |    1335 |  15.8 |       9 |       1 |  10.0
      Geh:6 |   38757 |       0 |   0.0 |      71 |       0 |   0.0
      Geh:7 |   50058 |   58667 |  54.0 |      95 |      43 |  31.2
      Coc:1 |   18122 |       0 |   0.0 |      51 |       0 |   0.0
      Coc:2 |    1808 |       0 |   0.0 |       3 |       0 |   0.0
      Coc:3 |   19500 |       0 |   0.0 |      31 |       0 |   0.0
      Coc:4 |   26946 |    3496 |  11.5 |      55 |      11 |  16.7
      Coc:5 |   17736 |       0 |   0.0 |       8 |       0 |   0.0
      Coc:6 |    3137 |       0 |   0.0 |      10 |       0 |   0.0
      Coc:7 |   66814 |   58471 |  46.7 |      77 |      78 |  50.3
      Tar:1 |   53292 |       0 |   0.0 |      78 |       0 |   0.0
      Tar:2 |   39626 |       0 |   0.0 |      65 |       0 |   0.0
      Tar:3 |   21463 |       0 |   0.0 |      39 |       0 |   0.0
      Tar:4 |   62145 |       0 |   0.0 |      83 |       0 |   0.0
      Tar:5 |   27645 |       0 |   0.0 |      48 |       0 |   0.0
      Tar:6 |   42727 |   19040 |  30.8 |      51 |      23 |  31.1
      Tar:7 |  119545 |   90254 |  43.0 |     125 |      69 |  35.6
      Zot:1 |   52365 |    6018 |  10.3 |      36 |       2 |   5.3
      Zot:2 |   30672 |       0 |   0.0 |      12 |       0 |   0.0
      Zot:3 |   76232 |   39446 |  34.1 |      44 |      17 |  27.9
    Abyss:1 |   62727 |   13205 |  17.4 |      83 |       5 |   5.7
    Abyss:2 |   41290 |       0 |   0.0 |      78 |       0 |   0.0
    Abyss:3 |   56146 |    7767 |  12.2 |     130 |      13 |   9.1
    Abyss:4 |   10280 |       0 |   0.0 |      20 |       0 |   0.0
        Pan |  238059 |  293961 |  55.3 |     245 |     184 |  42.9
        Lab |    1292 |    2107 |  62.0 |       1 |      13 |  92.9
     Bailey |       0 |    1569 | 100.0 |       0 |      25 | 100.0
 Desolation |       0 |   34996 | 100.0 |       0 |      61 | 100.0
            +---------+---------+-------+---------+---------+-------
